 Dungeon Crawl Stone Soup version 0.19.0-24-gb05acd6 (webtiles) character file.

573 JeffiDaFish the Shield-Bearer (level 7, 0/43 HPs)
             Began as a Gargoyle Fighter on Nov 21, 2016.
             Was an Initiate of Makhleb.
             Engulfed by a steam dragon's steam (10 damage)
             ... on level 5 of the Dungeon.
             The game lasted 00:08:55 (2872 turns).

JeffiDaFish the Shield-Bearer (Gargoyle Fighter)    Turns: 2872, Time: 00:08:56

Health: 0/43       AC: 15    Str: 20    XL:     7   Next: 34%
Magic:  7/7        EV:  8    Int:  9    God:    Makhleb [......]
Gold:   341        SH: 10    Dex: 10    Spells: 0 memorised, 6 levels left

rFire  . . .     SeeInvis +     a - +0 flail
rCold  . . .     Gourm    .     b - +0 scale mail
rNeg   + . .     Faith    .     c - +0 shield
rPois  ∞         Spirit   .     (no helmet)
rElec  +         Reflect  .     (no cloak)
rCorr  .         Harm     .     i - +1 pair of gloves
MR     .....                    r - +0 pair of boots
Stlth  ..........               (no amulet)
                                p - ring of see invisible
                                k - ring of flight

@: no status effects
A: negative energy resistance 1, electricity resistance, unbreathing,
petrification resistance, rot immunity, AC +4
a: Renounce Religion, Evoke Flight


You were on level 5 of the Dungeon.
You worshipped Makhleb.
Makhleb was noncommittal.
You were not hungry.

You visited 2 branches of the dungeon, and saw 6 of its levels.
You also visited: Sewer.

You collected 341 gold pieces.

Inventory:

Hand Weapons
 a - a +0 flail (weapon)
Armour
 b - a +0 scale mail (worn)
 c - a +0 shield (worn)
 i - a +1 pair of gloves (worn)
 r - a +0 pair of boots (worn)
Jewellery
 k - a ring of flight (left hand)
 p - a ring of see invisible (right hand)
Scrolls
 g - a scroll of fog
 j - 2 scrolls of remove curse
 l - 8 scrolls of identify
 n - 2 scrolls of teleportation
 q - a scroll of amnesia
Potions
 d - 2 potions of might
 e - a potion of brilliance
 m - a potion of curing
 t - 2 potions of magic
Comestibles
 f - 3 bread rations
 h - 2 beef jerkies
 o - 13 fruits
 s - 10 chunks of flesh


   Skills:
 + Level 4.2 Fighting
 + Level 5.2 Maces & Flails
 + Level 4.1 Armour
 + Level 1.2 Dodging
 + Level 0.5 Stealth
 + Level 5.7 Shields


You had 6 spell levels left.
You didn't know any spells.

Dungeon Overview and Level Annotations

Branches:
Dungeon (5/15)             Temple (1/1) D:4

Altars:
Ashenzari
Dithmenos
Elyvilon
Fedhas
Gozag
Makhleb
Nemelex Xobeh
Ru
Trog
Uskayaw
Xom
Yredelemnul
Zin


Innate Abilities, Weirdness & Mutations

You are resistant to torment.
Your stone body is resilient. (AC +4)
You are immune to poison.
You resist negative energy. (rN+)
You are resistant to electric shocks. (rElec)
You can survive without breathing.
You are immune to petrification.
You are immune to rotting.


Message History

You block the steam dragon's attack.
The steam dragon claws you but does no damage.
You block the steam dragon's attack. x2
You hit the steam dragon.
The steam dragon is severely wounded.
You are engulfed in a cloud of scalding steam.
* * * LOW HITPOINT WARNING * * *
The steam dragon bites you but does no damage.
The steam dragon claws you but does no damage.
You block the steam dragon's attack.
The steam dragon claws you but does no damage.
You barely miss the steam dragon.
The steam dragon is severely wounded.
You are engulfed in a cloud of scalding steam.
You block the steam dragon's attack. The steam dragon barely misses you.
You block the steam dragon's attack.
The steam dragon claws you but does no damage.
Your unstable footing causes you to fumble your attack.
You are engulfed in a cloud of scalding steam.
You die...

...## ##.......##.###.###.#
....###.###.########..# #.#
...#.#.## #.# ##P≈≈#### #.#######
...##.## #.###≈^..≈^# #.......#
.#.##.# #..#P......## #.......#
....#.# ####≈P....P≈###.......#
.#.##.# #≈≈....≈.#..........
#>..#.# #PDD.≈^##......[..#
.##.#.##########@P...#..........#
...<............#^.≈###.........#
.##.....#######.#..P#.......#....
.##.###.# #.#P..####..##.####
###.# #.# #.#P.≈####..##.####
#.###.# #.#≈.≈#............
###.....# ###..P####..##.####
.##.#..## P.## #. #.# .......# ..
#.#


You could see 2 steam dragons.

Vanquished Creatures
  A phantom (D:4)
  An ogre (D:4)
  A crocodile (Sewer)
  A bullfrog skeleton (D:3)
  A gnoll shaman (D:5)
  A hound skeleton (D:4)
  9 gnolls
  8 adders
  A shadow imp (D:5)
  An adder zombie (D:5)
  An adder skeleton (D:4)
  3 worms
  5 leopard geckos
  6 orcs
  3 giant cockroaches
  5 goblins
  5 hobgoblins
  10 kobolds
  2 quokkas
  8 bats
  2 frilled lizards
  13 rats
88 creatures vanquished.

Notes
Turn   | Place    | Note
-------+----------+-------------------------------------------
     0 | D:1      | JeffiDaFish the Gargoyle Fighter began the quest for the Orb.
     0 | D:1      | Reached XP level 1. HP: 14/14 MP: 1/1
   139 | D:1      | Reached XP level 2. HP: 19/19 MP: 2/2
   607 | D:2      | Reached XP level 3. HP: 19/23 MP: 3/3
   861 | D:2      | Reached XP level 4. HP: 28/28 MP: 4/4
  1164 | D:3      | Found a glowing drain.
  1170 | Sewer    | Entered a sewer
  1216 | Sewer    | Noticed a crocodile
  1225 | Sewer    | Killed a crocodile
  1225 | Sewer    | Reached skill level 5 in Shields
  1225 | Sewer    | Reached XP level 5. HP: 21/33 MP: 5/5
  1588 | D:3      | Found a bloodstained altar of Trog.
  1642 | D:3      | Reached XP level 6. HP: 36/38 MP: 6/6
  1846 | D:4      | Noticed a phantom
  1879 | D:4      | Killed a phantom
  1879 | D:4      | Reached skill level 1 in Dodging
  1938 | D:4      | Found a staircase to the Ecumenical Temple.
  1987 | Temple   | Entered the Ecumenical Temple
  2003 | Temple   | Became a worshipper of Makhleb the Destroyer
  2154 | D:4      | Reached XP level 7. HP: 43/43 MP: 7/7
  2234 | D:4      | Found a blossoming altar of Fedhas.
  2411 | D:5      | Entered Level 5 of the Dungeon
  2662 | D:5      | Reached skill level 5 in Maces & Flails
  2862 | D:5      | Noticed a steam dragon
  2862 | D:5      | Noticed a steam dragon
  2868 | D:5      | HP: 2/43 [steam dragon/ball of steam (8)]
  2872 | D:5      | Engulfed by a steam dragon's steam

Skill      XL: |  1  2  3  4  5  6  7 |
---------------+----------------------+-----
Shields        | 4 5 |  5.7
Maces & Flails | 3 4 5 |  5.2
Fighting       | 4 |  4.2
Dodging        | 1 |  1.2
Armour         | 4 |  4.1
Stealth        | |  0.5

Action                   |  1- 3 |  4- 6 |  7- 9 || total
-------------------------+-------+-------+-------++-------
Melee: Flail             |   120 |   247 |    82 ||   449
  Use: Scroll            |     6 |     4 |     1 ||    11
       Potion            |     2 |     3 |     1 ||     6
  Eat: Chunk             |       |     5 |     3 ||     8
Armor: Scale mail        |    56 |   135 |    42 ||   233
Dodge: Dodged            |    30 |    71 |    27 ||   128
Block: Shield            |    67 |   148 |    49 ||   264
